 Seeded DCSS version 0.29.1-15-g9cfb28693d (webtiles) character file.

Game seed: 9271516206464319245 (custom seed)

344 Gelion the Conjurer (level 6, -4/35 HPs)
             Began as a Deep Elf Conjurer on Mar 7, 2023.
             Slain by Duvessa
             ... wielding a +2 short sword of venom
              (17 damage)
             ... on level 4 of the Dungeon.
             The game lasted 00:08:21 (3695 turns).

Gelion the Conjurer (Deep Elf Conjurer)             Turns: 3695, Time: 00:08:22

Health: -4/35      AC:  3    Str:  4    XL:     6   Next: 31%
Magic:  10/15      EV: 13    Int: 25    God:
Gold:   181        SH:  0    Dex: 13    Spells: 7/14 levels left

rFire   . . .      SeeInvis .   h - +0 staff of Battle
rCold   . . .      Faith    .   (no shield)
rNeg    . . .      Spirit   .   a - +0 robe
rPois   .          Reflect  .   o - +0 helmet
rElec   .          Harm     .   (no cloak)
rCorr   .          Rampage  .   (no gloves)
Will    .....                   (no boots)
Stlth   ++........              m - amulet of regeneration
HPRegen 0.91/turn               (no ring)
MPRegen 0.14/turn               (no ring)

@: lethally poisoned (-4 -> -18)
A: no striking features
a: no special abilities


You were on level 4 of the Dungeon.
You visited 1 branch of the dungeon, and saw 6 of its levels.

You collected 181 gold pieces.

Inventory:

Hand Weapons
 h - the +0 staff of Battle (weapon)
   (You found it on level 2 of the Dungeon)

   It enhances your conjuration magic.
   It summons a battlesphere in combat, with strength depending on Conjurations
   skill.
   Its strikes trigger the battlesphere's blasts.
Armour
 a - a +0 robe (worn)
 o - a +0 helmet (worn)
Jewellery
 m - an amulet of regeneration (around neck)
Wands
 k - a wand of roots (7)
 l - a wand of mindburst (13)
Scrolls
 c - a scroll of poison
 d - a scroll of butterflies {unknown}
 e - 2 scrolls of teleportation
 g - a scroll of vulnerability {unknown}
 i - a scroll of amnesia {unknown}
 j - 2 scrolls of silence
Potions
 b - a potion of magic
 f - a potion of attraction
 n - a potion of mutation {unknown}
 p - 2 potions of curing {unknown}


   Skills:
 + Level 1.9 Fighting
 + Level 3.9 Dodging
 - Level 2.4 Stealth
 + Level 4.8 Spellcasting
 * Level 6.0 Conjurations
 + Level 2.0 Translocations


You had 7 spell levels left.
You knew the following spells:

 Your Spells              Type           Power      Damage    Failure   Level
a - Magic Dart            Conj           100%       1d8       1%          1
b - Searing Ray           Conj           100%       2d8       1%          2
c - Iskenderun's Mystic   Conj/Tloc      39%        2d9       16%         4

Your spell library contained the following spells:

 Spells                   Type           Power      Damage    Failure   Level
 Dazzling Flash           Conj/Hex       62%        N/A       7%          3
 Fulminant Prism          Conj/Hex       15%        3d11      24%         4
 Corpse Rot               Necr/Pois/Air  6%         N/A       63%         4
 Dispel Undead            Necr           6%         3d8       63%         4
 Death Channel            Necr           3%         N/A       100%        6


Dungeon Overview and Level Annotations

Branches:
Dungeon (6/15)
 Temple: D:4-7

Altars:
Wu Jian

Annotations:
D:4 Dowan, Duvessa


Message History

You feel a surge of power!
The searing ray hits Duvessa but does no damage. (Press . to maintain the ray.)
Your battlesphere fires!
The barrage of energy hits Duvessa.
Duvessa is lightly wounded.
Dowan points at Duvessa and mumbles some strange words.
Duvessa seems to speed up.
Duvessa hits you with a +2 short sword of venom.
You are poisoned.
The searing ray hits Duvessa!
Duvessa is moderately wounded.
You feel very sick.
Your battlesphere fires!
The barrage of energy hits Duvessa.
Duvessa is moderately wounded.
Duvessa misses you.
The searing ray hits Duvessa!
Duvessa is heavily wounded.
The searing ray hits Dowan.
Dowan is moderately wounded.
The searing ray hits the goblin!
You kill the goblin!
You feel sick.
Your battlesphere fires!
The barrage of energy hits Dowan!
Dowan is severely wounded.
Duvessa hits you with a +2 short sword of venom!
You are lethally poisoned!
Dowan mumbles some strange words.
Dowan blinks!
Duvessa misses you.
The searing ray hits Duvessa.
Duvessa is heavily wounded.
You finish channelling your searing ray.
You feel very sick.
Your battlesphere fires!
The barrage of energy hits Duvessa!
Duvessa is severely wounded.
Duvessa hits you with a +2 short sword of venom!
You die...

##................####.....####
...........................#
..#÷...................#####
....#.............#..#.#
).####.###.#..#......#.# ..#
#.##..##..........# ..##
#....###..#.[#..###
...###...........*######.#
.......#.#......@e.§)e...#
...................#.....#
..##.###...........#.....#
.###.#.............#.....#
.....#.............#..e..#
#................###.....#
#.##......##..#### #(....#
.....#....###.## #######
.....###..###.>######


You could see Duvessa (berserk, fast), Dowan (ally target) and a friendly
battlesphere.

Vanquished Creatures
  A black bear (D:4)
  An iguana (D:4)
  An orc wizard (D:4)
  Terence (D:3)
  Robin (D:4)
  3 gnolls (D:2)
  5 adders
  A worm (D:4)
  A dart slug (D:1)
  9 orcs
  10 endoplasms
  A giant cockroach (D:1)
  14 goblins
  10 hobgoblins
  2 jackals (D:1)
  6 kobolds
  4 quokkas
  7 ball pythons
  A bat (D:3)
  2 frilled lizards (D:3)
  4 rats
85 creatures vanquished.

Notes
Turn   | Place    | Note
-------+----------+-------------------------------------------
     0 | D:1      | Gelion the Deep Elf Conjurer began the quest for the Orb.
     0 | D:1      | Reached XP level 1. HP: 10/10 MP: 6/6
   142 | D:1      | Reached XP level 2. HP: 16/16 MP: 5/8
   196 | D:1      | Found a faded altar of an unknown god.
   196 | D:1      | Noticed a ynoxinul
  1414 | D:2      | Reached XP level 3. HP: 20/20 MP: 7/9
  1588 | D:2      | Reached skill level 5 in Conjurations
  1770 | D:2      | Reached skill level 1 in Fighting
  1774 | D:2      | Reached XP level 4. HP: 21/25 MP: 1/11
  1777 | D:2      | Learned a level 2 spell: Searing Ray
  1782 | D:2      | Learned a level 4 spell: Iskenderun's Mystic Blast
  1864 | D:2      | Found the +0 staff of Battle
  1867 | D:2      | Identified the +0 leather armour of the Alphagorgon {rPois}
  2507 | D:3      | Noticed Terence
  2514 | D:3      | Killed Terence
  2515 | D:3      | Reached skill level 1 in Translocations
  2591 | D:3      | Reached XP level 5. HP: 29/29 MP: 10/13
  2919 | D:3      | You fall into a shaft and drop 3 floors!
  2929 | D:5      | Entered Level 5 of the Dungeon
  3162 | D:3      | Found an ornate altar of the Wu Jian Council.
  3270 | D:4      | Noticed a black bear
  3272 | D:4      | Killed a black bear
  3338 | D:4      | Reached XP level 6. HP: 35/35 MP: 11/14
  3397 | D:4      | Noticed Robin
  3408 | D:4      | Reached skill level 6 in Conjurations
  3408 | D:4      | Killed Robin
  3678 | D:4      | Noticed Duvessa
  3678 | D:4      | Noticed Dowan
  3695 | D:4      | Slain by Duvessa

Illustrated notes

Levels and vault maps discovered:
D:1:      dpeg_arrival_pond, layout_basic,
          dreamdust_ecumenical_altar_sealed_demon
D:2:      layout_loops_ring, grunt_ministairs_11
D:3:      layout_loops_cross, lemuel_coloured_pillars_altar, minivault_4,
          uniq_terence
D:4:      layout_rooms, minmay_crystal_room, uniq_duvessa, uniq_robin
D:5:      layout_loops_corners, kiku_gazebo_pond_becter, gup_sewer_entry_pipe,
          minivault_19
D:6:      layout_loops_corners, temple_green, serial_shops, shop,
          nicolae_shop_waterfront, minmay_crossroads, uniq_prince_ribbit1,
          uniq_crazy_yiuf_cottage, uniq_eustachio, uniq_edmund, uniq_maggie

Skill      XL: |  1  2  3  4  5  6 |
---------------+-------------------+-----
Conjurations   | 5 6 |  6.0
Dodging        | 3 |  3.9
Fighting       | 1 |  1.9
Spellcasting   | 4 |  4.8
Translocations | 1 2 |  2.0
Stealth        | |  2.4

Action                   |  1- 3 |  4- 6 || total
-------------------------+-------+-------++-------
 Cast: Magic Dart        |    62 |    69 ||   131
       Searing Ray       |       |     1 ||     1
  Use: Scroll            |       |     6 ||     6
Armor: Robe              |     1 |     3 ||     4
Dodge: Dodged            |     2 |     7 ||     9
